 Dungeon Crawl Stone Soup version 0.23.2-1-ga50397a6bc (webtiles) character file.

Game seed: 4076184401532482572

609 Menchi the Sneak (level 7, -1/67 HPs)
             Began as a Naga Fighter on May 16, 2019.
             Slain by a hippogriff (2 damage)
             ... on level 5 of the Dungeon.
             The game lasted 00:12:32 (5680 turns).

Menchi the Sneak (Naga Fighter)                     Turns: 5680, Time: 00:12:33

Health: -1/67      AC:  7    Str: 23    XL:     7   Next: 43%
Magic:  7/7        EV:  9    Int:  9    God:
Gold:   210        SH:  0    Dex: 12    Spells: 6/6 levels left

rFire    . . .     SeeInvis +   a - +4 long sword
rCold    + . .     Gourm    .   (no shield)
rNeg     . . .     Faith    .   q - +2 robe {MR+}
rPois    +         Spirit   .   (no helmet)
rElec    .         Reflect  .   (no cloak)
rCorr    .         Harm     .   (no gloves)
MR       +....                  (no barding)
Stlth    +++.......             (no amulet)
HPRegen  0.21/turn              (no ring)
MPRegen  0.10/turn              (no ring)

@: mighty, very slow
A: large, yellow scales 1, see invisible, cold resistance 1, deformed body,
poison resistance, slowness 2, slow metabolism 1, spit poison 1, AC +2
a: Spit Poison


You were on level 5 of the Dungeon.
You were not hungry.

You visited 1 branch of the dungeon, and saw 5 of its levels.

You collected 298 gold pieces.
You spent 88 gold pieces at shops.

Inventory:

Hand Weapons
 a - a +4 long sword (weapon)
 b - a +0 rapier
 o - a +1 dagger of pain
Armour
 c - a +0 shield
 q - a +2 robe of magic resistance (worn)
Wands
 p - a wand of flame (14)
 r - a wand of digging (6)
 t - a wand of acid (7)
Scrolls
 h - a scroll of enchant armour
 j - 4 scrolls of identify
 k - a scroll of teleportation
 l - 2 scrolls of noise
 n - a scroll of amnesia
 u - a scroll of remove curse
Potions
 e - a potion of cancellation
 g - a potion of degeneration
 i - 5 potions of curing
 m - 2 potions of resistance
Comestibles
 f - 8 rations


   Skills:
 + Level 5.3 Fighting
 - Level 2.0 Long Blades
 - Level 2.4 Armour
 + Level 6.8 Stealth
 + Level 4.4 Shields


You had 6 spell levels left.
You didn't know any spells.
Your spell library was empty.

Dungeon Overview and Level Annotations

Branches:
Dungeon (5/15)             Temple (0/1) D:5

Altars:
Elyvilon
Sif Muna
The Shining One

Shops:
D:4 !

Annotations:
D:3 1 runed translucent door
D:5 Sigmund


Innate Abilities, Weirdness & Mutations

You cannot wear boots.
Your serpentine skin is tough. (AC +2)
You have supernaturally acute eyesight. (SInv)
Armour fits poorly on your strangely shaped body.
Your system is resistant to poisons. (rPois)
You cover ground very slowly.
You have a slow metabolism.
You can spit poison.
You are partially covered in yellow scales. (AC +2)
Your flesh is cold resistant. (rC+)


Message History

Sigmund flickers and vanishes for a moment.
The hippogriff misses you. The hippogriff closely misses you.
The hippogriff claws you but does no damage.
The orc hits you from afar with a +0 trident!
You hit the hippogriff.
The hippogriff is severely wounded.
The hippogriff bites you but does no damage.
The hippogriff pecks you.
* * * LOW HITPOINT WARNING * * *
The hippogriff closely misses you. The orc misses you.
Sigmund hits you from afar with a +0 scythe!
* * * LOW HITPOINT WARNING * * *
You slash the hippogriff!
The hippogriff is almost dead.
The hippogriff bites you!
* * * LOW HITPOINT WARNING * * *
The hippogriff barely misses you.
The hippogriff claws you but does no damage.
The orc barely misses you. The hippogriff bites you.
You die...

###..####...#..##........#
+..'..#...'..##........#
#++#..'(..#..#.........#
###..#[.#####..#....5...
..P..####......#...o..
...............#....#
..###..........# #..#
#.##..############o.##...
...#....##......@H5o......
...#..#.##)#######@.P.P...
...#..#.##.#### #...>...#
).(((.#.......# ...P.P.##
).#..........## .#.....#
..#....#####.# . ##....
####...<.)...# #. .##.
#.......### . #.>.......


You could see a hippogriff, Sigmund (invisible), a quasit and 2 orcs.

Vanquished Creatures
  Eustachio (D:5)
  An ogre (D:4)
  A centaur (D:5)
  A hound (D:4)
  Jessica (D:3)
  Ijyb (D:4)
  A worker ant (D:4)
  10 adders
  An adder skeleton (D:5)
  4 worms
  3 dart slugs
  2 leopard geckos
  6 orcs
  3 ball pythons
  6 giant cockroaches
  8 goblins
  12 hobgoblins
  10 jackals
  2 quokkas
  7 bats
  4 frilled lizards
  8 kobolds
  7 rats
100 creatures vanquished.

Notes
Turn   | Place    | Note
-------+----------+-------------------------------------------
     0 | D:1      | Menchi the Naga Fighter began the quest for the Orb.
     0 | D:1      | Reached XP level 1. HP: 21/21 MP: 1/1
   117 | D:1      | Reached skill level 1 in Stealth
   209 | D:1      | Reached XP level 2. HP: 28/28 MP: 2/2
   635 | D:1      | Reached skill level 2 in Stealth
   879 | D:1      | Reached XP level 3. HP: 27/34 MP: 3/3
  1607 | D:2      | You fall through a shaft for 2 floors!
  2027 | D:4      | Reached skill level 3 in Stealth
  2027 | D:4      | Reached XP level 4. HP: 15/44 MP: 4/4
  2390 | D:3      | Found a white marble altar of Elyvilon.
  2390 | D:3      | Found a runed translucent door.
  2390 | D:3      | Noticed an angel
  2805 | D:3      | Reached XP level 5. HP: 29/50 MP: 5/5
  2974 | D:2      | Reached skill level 4 in Stealth
  3583 | D:2      | Found a glowing golden altar of the Shining One.
  3810 | D:3      | Noticed Jessica
  3842 | D:3      | Killed Jessica
  4458 | D:4      | Reached XP level 6. HP: 43/58 MP: 6/6
  4476 | D:4      | Reached skill level 5 in Stealth
  4742 | D:4      | Found Poineidahe's Distillery.
  4753 | D:4      | Bought a potion of mutation for 88 gold pieces
  4753 | D:4      | Gained mutation: Your flesh is cold resistant. (rC+)
                  | [potion of mutation]
  4753 | D:4      | Gained mutation: You are partially covered in yellow
                  | scales. (AC +2) [potion of mutation]
  4826 | D:4      | Found a deep blue altar of Sif Muna.
  4867 | D:4      | Noticed Ijyb
  4913 | D:4      | Killed Ijyb
  5216 | D:5      | Entered Level 5 of the Dungeon
  5392 | D:5      | Noticed Eustachio
  5398 | D:5      | Reached skill level 5 in Fighting
  5398 | D:5      | Reached skill level 6 in Stealth
  5398 | D:5      | Reached XP level 7. HP: 22/67 MP: 7/7
  5406 | D:5      | Killed Eustachio
  5666 | D:5      | Found a staircase to the Ecumenical Temple.
  5669 | D:5      | Noticed Sigmund
  5670 | D:5      | Noticed a hippogriff
  5680 | D:5      | HP: 1/67 [hippogriff (11)]
  5680 | D:5      | Slain by a hippogriff

Skill      XL: |  1  2  3  4  5  6 |
---------------+-------------------+-----
Stealth        | 1 2 3 4 6 |  6.8
Shields        | 3 4 |  4.4
Fighting       | 4 5 |  5.3
Long Blades    | |  2.0
Armour         | |  2.4

Action                   |  1- 3 |  4- 6 |  7- 9 || total
-------------------------+-------+-------+-------++-------
Melee: Long sword        |   106 |    54 |    15 ||   175
       Rapier            |       |   128 |       ||   128
       Dagger            |       |    93 |       ||    93
 Abil: Spit Poison       |       |     6 |     1 ||     7
  Use: Scroll            |     3 |    11 |       ||    14
       Potion            |       |     3 |     3 ||     6
 Stab: Sleeping          |     1 |    13 |       ||    14
  Eat: Chunk             |     2 |    10 |       ||    12
Armor: Scale mail        |    34 |       |       ||    34
       Robe              |     4 |    95 |    24 ||   123
Dodge: Dodged            |    52 |   161 |    23 ||   236
       Rpst.: Long sword |    18 |    12 |     1 ||    31
